 Dungeon Crawl Stone Soup version 0.28.0-53-g5a82cb258f (webtiles) character file.

Game seed: 7832493991030922642

45 Descartes the Scratcher (level 3, -1/16 HPs)
             Began as a Felid Wanderer on June 14, 2022.
             Slain by Terence
             ... wielding a +0 flail
              (7 damage)
             ... on level 2 of the Dungeon.
             The game lasted 00:01:41 (1848 turns).

Descartes the Scratcher (Felid Wanderer)            Turns: 1848, Time: 00:01:42

Health: -1/16      AC:  1    Str: 15    XL:     3   Next: 42%
Magic:  4/4        EV: 17    Int: 11    God:
Gold:   24         SH:  0    Dex: 12    Spells: 2/2 levels left
                                        Lives:  0   Deaths: 0

rFire   . . .      SeeInvis +     - Unarmed
rCold   . . .      Faith    .   (shield unavailable)
rNeg    . . .      Spirit   .   (armour unavailable)
rPois   .          Reflect  .   (helmet unavailable)
rElec   .          Harm     .   (cloak unavailable)
rCorr   .          Rampage  .   (gloves unavailable)
Will    .....                   (boots unavailable)
Stlth   ++........              (no amulet)
HPRegen 0.05/turn               (no ring)
MPRegen 0.09/turn               (no ring)

@: quick
A: very small, claws 1, fangs 3, see invisible, speed 1, shaggy fur 1, stealthy
paws, no weapons or thrown items, no armour, multi-lived
a: no special abilities


You were on level 2 of the Dungeon.
You visited 1 branch of the dungeon, and saw 2 of its levels.

You collected 24 gold pieces.

Inventory:

Scrolls
 d - a scroll of immolation {unknown}
Potions
 a - 2 potions of brilliance
 b - 3 potions of lignification
 c - 2 potions of curing {unknown}
 e - a potion of resistance {unknown}
 f - a potion of mutation {unknown}
 g - a potion of flight {unknown}


   Skills:
 - Level 2.0 Fighting
 + Level 2.9 Dodging
 - Level 4.0 Stealth
 + Level 4.6 Unarmed Combat
 - Level 1.1 Evocations


You had 2 spell levels left.
You didn't know any spells.
Your spell library contained the following spells:

 Spells                   Type           Power      Damage    Failure   Level
 Sting                    Tmut/Pois      0%         1d3       34%         1
 Poisonous Vapours        Pois/Air       0%         N/A       47%         2
 Olgreb's Toxic Radiance  Pois           0%         N/A       98%         4


Dungeon Overview and Level Annotations

Branches:
Dungeon (2/15)

Altars:

Annotations:
D:2 Terence


Innate Abilities, Weirdness & Mutations

You have sharp claws.
You have razor-sharp teeth.
You have supernaturally acute eyesight. (SInv)
You cover ground quickly. (Speed+)
You are covered in fur. (AC +1)
Your paws help you pounce on unaware monsters.
You are incapable of wielding weapons or throwing items.
You cannot wear armour.
You gain extra lives every three experience levels.


Message History

g - a fizzy puce potion A goblin comes into view.
It is wielding a +0 club.
The goblin shouts!
You scratch the goblin. Your claw misses the goblin.
Your bite misses the goblin.
The goblin is severely wounded.
The goblin hits you with a +0 club.
You claw the goblin!
You kill the goblin!
A kobold comes into view. It is wielding a +0 club.
The kobold shouts!
You hear a shout!
Things that are here:
a +0 club; a goblin corpse The kobold barely misses you.
You scratch the kobold.
You kill the kobold!
No target in view!
No target in view!
No target in view!
Terence the Incautious comes into view.
He is wielding a +0 flail and wearing a +1 chain mail of cold resistance.
Terence misses you.
You barely miss Terence. Terence barely misses you.
You scratch Terence.
Terence is moderately wounded.
Terence hits you with a +0 flail!
Ouch! That really hurt!
You scratch Terence.
Terence is moderately wounded.
Terence looks scornfully at you. Terence completely misses you.
You scratch Terence but do no damage.
Terence is moderately wounded.
Terence misses you.
You scratch Terence.
Terence is severely wounded.
Terence barely misses you.
You scratch Terence but do no damage. You bite Terence.
Terence is severely wounded.
Terence hits you with a +0 flail!
You die...

##### ...#
##@#######
#@.).....#
###..#####.#
......).....##.#
......#..##.##.#
..#...#..##.##.#
..............#
#.#########.####
# #.# #.########


You could see Terence.

Vanquished Creatures
  A gnoll (D:1)
  A dart slug (D:2)
  2 giant cockroaches
  4 goblins
  A hobgoblin (D:1)
  2 jackals (D:2)
  3 quokkas (D:1)
  6 ball pythons (D:1)
  3 bats (D:1)
  3 frilled lizards
  3 kobolds
  4 rats (D:1)
33 creatures vanquished.

Notes
Turn   | Place    | Note
-------+----------+-------------------------------------------
     0 | D:1      | Descartes the Felid Wanderer began the quest for the Orb.
     0 | D:1      | Descartes set off with the following items: 2 potions of
                  | brilliance, a potion of lignification
     0 | D:1      | Reached XP level 1. HP: 9/9 MP: 2/2
   254 | D:1      | Reached skill level 1 in Dodging
   552 | D:1      | Reached XP level 2. HP: 13/13 MP: 3/3
  1293 | D:1      | Reached XP level 3. HP: 13/16 MP: 4/4
  1459 | D:2      | Identified the +7 dagger "Xokhlieb" {vorpal, MP+9 Str+3}
  1841 | D:2      | Noticed Terence
  1848 | D:2      | Slain by Terence

Illustrated notes

Levels and vault maps discovered:
D:1:      onia_arrival_handbag, layout_loops_corners, nicolae_grassy_gnolls
D:2:      minmay_chambers_of_twos, layout_loops_corners,
          ebering_ecumenical_altar_box, uniq_natasha, uniq_terence, uniq_robin

Skill      XL: |  1  2 |
---------------+-------+-----
Dodging        | 1 2 |  2.9
Fighting       | |  2.0
Stealth        | |  4.0
Unarmed Combat | |  4.6
Evocations     | |  1.1

Action                   || total
-------------------------++-------
Melee: Unarmed           ||    69
       Bite              ||     5
       Punch             ||     1
 Stab: Sleeping          ||    13
Armor: Skin              ||     4
Dodge: Dodged            ||    39
